 Dungeon Crawl Stone Soup version 0.26.1-2-gb8aa6d0cf2 (webtiles) character file.

Game seed: 8854125697832689535

31939 Groucho the Unseen (level 13, 0/55 HPs)
             Began as a Spriggan Enchanter on Feb 17, 2021.
             Was an Elder of Kikubaaqudgha.
             Succumbed to a shock serpent's dark miasma
             ... on level 15 of the Dungeon.
             The game lasted 01:03:06 (32040 turns).

Groucho the Unseen (Spriggan Enchanter)            Turns: 32040, Time: 01:03:06

Health: 0/55       AC:  6    Str: 14    XL:     13   Next: 28%
Magic:  26/31      EV: 30    Int: 17    God:    Kikubaaqudgha [****..]
Gold:   248        SH:  5    Dex: 17    Spells: 22/38 levels left

rFire    . . .     SeeInvis +   F - +4 dagger (vamp)
rCold    . . .     Faith    .   (shield restricted)
rNeg     . . .     Spirit   .   H - +2 robe {Archmagi}
rPois    +         Reflect  +   (helmet restricted)
rElec    .         Harm     .   w - +1 cloak
rCorr    .         Rampage  .   (gloves unavailable)
Will     ++...                  (boots unavailable)
Stlth    ++++++....             x - amulet of reflection
HPRegen  0.18/turn              m - +6 ring of strength
MPRegen  0.22/turn              b - ring of poison resistance

@: lethally poisoned (0 -> -68), slowed, quick
A: very small, unfitting armour, see invisible, speed 3
a: Renounce Religion, Receive Corpses


You were on level 15 of the Dungeon.
You worshipped Kikubaaqudgha.
Kikubaaqudgha was greatly pleased with you.
You visited 2 branches of the dungeon, and saw 16 of its levels.

You collected 674 gold pieces.
You spent 426 gold pieces at shops.

Inventory:

Hand Weapons
 a - a +1 dagger of freezing
 F - a +4 vampiric dagger (weapon)
 I - a +4 antimagic rapier
 Q - a +5 dagger
Missiles
 h - 5 datura-tipped darts
 l - 5 boomerangs
 t - 49 poisoned darts (quivered)
 J - 2 throwing nets
Armour
 w - a +1 cloak (worn)
 H - a +2 robe of the Archmagi (worn)
Jewellery
 b - a ring of poison resistance (right hand)
 i - an uncursed ring of willpower
 m - a +6 ring of strength (left hand)
 q - an uncursed ring of protection from fire
 v - a +4 ring of protection
 x - an amulet of reflection (around neck)
 L - a cursed ring of teleportation
Wands
 s - a wand of random effects (12)
 A - a wand of disintegration (10)
 P - a wand of iceblast (41)
 S - a wand of digging (2)
 T - a wand of polymorph (8)
Scrolls
 c - 3 scrolls of enchant armour
 d - 7 scrolls of identify
 k - a scroll of immolation
 n - 12 scrolls of remove curse
 o - 7 scrolls of teleportation
 p - 6 scrolls of magic mapping
 r - 3 scrolls of random uselessness
 y - a scroll of silence
 G - a scroll of fear
 K - a scroll of noise
 M - 2 scrolls of brand weapon
 O - a scroll of amnesia {unknown}
 R - a scroll of blinking {unknown}
 U - a scroll of fog {unknown}
Potions
 e - a potion of mutation {unknown}
 f - 3 potions of flight
 g - a potion of heal wounds
 j - 4 potions of degeneration {unknown}
 u - a potion of haste {unknown}
 z - 3 potions of curing
 B - a potion of invisibility {unknown}
 C - 5 potions of attraction {unknown}
 D - a potion of cancellation {unknown}
 E - 3 potions of might {unknown}
 N - a potion of resistance {unknown}


   Skills:
 - Level 1.1 Short Blades
 - Level 14.0 Dodging
 - Level 15.0 Stealth
 + Level 13.4 Spellcasting
 + Level 13.5 Hexes
 + Level 5.5 Necromancy
 + Level 8.0 Evocations


You had 22 spell levels left.
You knew the following spells:

 Your Spells              Type           Power        Failure   Level
a - Corona                Hex            80%          1%          1
b - Ensorcelled Hibernat  Hex/Ice        100%         1%          2
c - Confusing Touch       Hex            72%          1%          3
d - Tukima's Dance        Hex            72%          1%          3
e - Dazzling Flash        Conj/Hex       100%         1%          3
f - Dispel Undead         Necr           45%          6%          4

Your spell library contained the following spells:

 Spells                   Type           Power        Failure   Level
 Pain                     Necr           100%         1%          1
 Sublimation of Blood     Necr           22%          1%          2
 Vampiric Draining        Necr           22%          1%          3
 Corpse Rot               Necr/Air       N/A          3%          2
 Fulminant Prism          Conj/Hex       25%          3%          4
 Magic Dart               Conj           68%          6%          1
 Animate Dead             Necr           22%          6%          4
 Searing Ray              Conj           34%          9%          2
 Agony                    Necr           45%          17%         5
 Excruciating Wounds      Necr           22%          17%         5
 Iskenderun's Mystic Bla  Conj/Tloc      17%          52%         4
 Simulacrum               Ice/Necr       15%          96%         6


Dungeon Overview and Level Annotations

Branches:
Dungeon (15/15)            Temple (1/1) D:6             Orc (0/2) D:9
   Lair: D:8-11      Vaults: D:13-14     Depths: D:15

Altars:
Ashenzari
Cheibriados
Dithmenos
Elyvilon
Fedhas
Gozag
Hepliaklqana
Kikubaaqudgha
Makhleb
Nemelex Xobeh
Okawaru
Qazlal
Ru
Sif Muna
Trog
Uskayaw
Vehumet
Wu Jian
Xom
Yredelemnul
Zin
The Shining One

Shops:
D:4 (   D:5 *(   D:9 ?


Innate Abilities, Weirdness & Mutations

You are very small and have problems with some larger weapons.
You are too small for most types of armour.
You have supernaturally acute eyesight. (SInv)
You cover ground extremely quickly.


Message History

Unknown command.
You hit the shock serpent.
You feel better.
The shock serpent is severely wounded.
You are engulfed in dark miasma.
You are lethally poisoned!
You feel very sick.
The shock serpent is engulfed in dark miasma.
The shock serpent looks even sicker.
You block the shock serpent's attack.
You barely miss the shock serpent.
The shock serpent is severely wounded.
You are engulfed in dark miasma.
You are more poisoned.
* * * LOW HITPOINT WARNING * * *
You feel very sick.
You hit the shock serpent.
You feel better.
The shock serpent is almost dead.
You are engulfed in dark miasma.
You feel yourself slow down.
* * * LOW HITPOINT WARNING * * *
You die...
Kikubaaqudgha rasps: "You have failed me!
Welcome... death!"

#.#.# #.# #.#.#
#.#.#
#.#.####...♣♣
#......<.....
###.####....P
#######.####...♣.
#........(S.....♣
#.#####..@......♣
####.#....♣ .#
.... .# .. .# .#
.# .#


You could see a shock serpent shaped shifter (confused, very poisoned).

Vanquished Creatures
  2 hydras
  2 boulder beetles (D:13)
  7 two-headed ogres
  Erica (D:9)
  An ogre mage (D:13)
  Urug (D:11)
  An unseen horror (D:13)
  Pikel (D:5)
  2 deep elf magi
  3 cyclopes (D:14)
  9 ugly things
  A wolf spider zombie (D:14)
  3 gargoyles
  A troll (D:8)
  Prince Ribbit (D:9)
  Sigmund (D:6)
  A shadow (D:15)
  30 yaks
  A wraith (D:14)
  2 wyverns
  A human (D:14)
  Grum (D:9)
  6 vampire mosquitoes
  Menkaure (D:6)
  2 swamp worms (D:9)
  Duvessa (D:7)
  A water moccasin (D:7)
  A soldier ant (D:12)
  2 black bears
  4 ice beasts
  3 orc warriors
  An eye of draining (D:13)
  7 sky beasts
  A necrophage (D:10)
  10 ogres
  14 centaurs
  3 wolves (D:8)
  2 lemures (D:5)
  2 big kobolds
  7 bullfrogs
  A gnoll sergeant (D:9)
  Dowan (D:7)
  9 scorpions
  6 killer bees (D:10)
  5 howler monkeys
  11 wights
  4 hounds
  A centaur zombie (D:9)
  A quasit (D:6)
  3 orc priests
  2 bullfrog skeletons
  4 jellies
  6 centaur skeletons
  A gnoll shaman (D:6)
  3 iguanas
  10 worker ants
  9 orc wizards
  A killer bee zombie (D:9)
  A hound zombie (D:6)
  A hound skeleton (D:8)
  2 worker ant zombies (D:7)
  12 gnolls
  15 adders
  A shadow imp (D:8)
  4 white imps
  An ufetubus (D:8)
  An ooze (D:2)
  6 worms
  A dart slug (D:2)
  6 leopard geckos
  26 orcs
  7 giant cockroaches
  9 goblins
  8 hobgoblins
  16 jackals
  5 quokkas
  3 ball pythons
  7 bats
  5 frilled lizards
  A jackal skeleton (D:5)
  16 kobolds
  A quokka skeleton (D:4)
  8 rats
382 creatures vanquished.

Vanquished Creatures (others)
  17 plants
17 creatures vanquished.

Grand Total: 399 creatures vanquished

Notes
Turn   | Place    | Note
-------+----------+-------------------------------------------
     0 | D:1      | Groucho the Spriggan Enchanter began the quest for the Orb.
     0 | D:1      | Reached XP level 1. HP: 9/9 MP: 5/5
   595 | D:1      | Reached skill level 5 in Stealth
  1092 | D:2      | Reached XP level 2. HP: 13/13 MP: 6/6
  1098 | D:2      | Learned a level 2 spell: Ensorcelled Hibernation
  2296 | D:1      | Reached skill level 6 in Stealth
  2786 | D:2      | Reached XP level 3. HP: 16/16 MP: 8/8
  2787 | D:2      | Found a faded altar of an unknown god.
  3072 | D:2      | Learned a level 3 spell: Confusing Touch
  3377 | D:2      | Reached skill level 7 in Stealth
  4676 | D:2      | Reached XP level 4. HP: 21/21 MP: 9/9
  5179 | D:3      | HP: 1/21 [worm (2)]
  5700 | D:3      | Reached skill level 8 in Stealth
  6040 | D:3      | Reached XP level 5. HP: 24/24 MP: 9/11
  6075 | D:3      | Found an opulent altar of Gozag.
  6077 | D:3      | Found a burning altar of Makhleb.
  7035 | D:4      | Noticed an ogre
  7611 | D:4      | Killed an ogre
  7659 | D:4      | Noticed an ogre
  7675 | D:3      | Reached skill level 9 in Stealth
  7675 | D:3      | Reached XP level 6. HP: 21/28 MP: 9/12
  8551 | D:4      | Reached skill level 5 in Hexes
  9413 | D:4      | Reached skill level 10 in Stealth
  9413 | D:4      | Reached XP level 7. HP: 32/32 MP: 9/15
 10463 | D:4      | Found Nilepogu's Antique Weapon Shoppe.
 10990 | D:5      | Entered Level 5 of the Dungeon
 11143 | D:5      | Found Wocolije's General Store.
 11147 | D:5      | Bought a potion of curing for 33 gold pieces
 11147 | D:5      | Bought a scroll of silence for 82 gold pieces
 11147 | D:5      | Bought a scroll of magic mapping for 38 gold pieces
 11147 | D:5      | Bought a scroll of remove curse for 33 gold pieces
 11583 | D:5      | Noticed Pikel
 11750 | D:5      | Killed Pikel
 11751 | D:5      | Reached skill level 11 in Stealth
 11751 | D:5      | Reached skill level 5 in Spellcasting
 11751 | D:5      | Reached XP level 8. HP: 36/36 MP: 7/17
 11920 | D:5      | Found a shimmering blue altar of Sif Muna.
 11946 | D:5      | Reached skill level 12 in Stealth
 12558 | D:5      | Found Nutrood's Antique Weapon Shoppe.
 12717 | D:6      | Noticed Sigmund
 12721 | D:6      | Killed Sigmund
 12750 | D:6      | Reached skill level 13 in Stealth
 13817 | D:6      | Noticed Menkaure
 13818 | D:6      | Killed Menkaure
 13874 | D:6      | Reached XP level 9. HP: 38/39 MP: 6/20
 14433 | D:6      | Found a white marble altar of Elyvilon.
 14439 | D:6      | Found a basalt altar of Yredelemnul.
 14441 | D:6      | Found a radiant altar of Vehumet.
 14892 | D:6      | Found a staircase to the Ecumenical Temple.
 14897 | D:6      | Learned a level 3 spell: Tukima's Dance
 14901 | D:6      | Learned a level 3 spell: Dazzling Flash
 14910 | Temple   | Entered the Ecumenical Temple
 15155 | D:7      | Noticed Duvessa
 15163 | D:7      | Killed Duvessa
 15163 | D:7      | Noticed Dowan
 15164 | D:7      | Reached skill level 14 in Stealth
 15166 | D:7      | Killed Dowan
 15550 | D:7      | Found an ornate altar of the Wu Jian Council.
 15639 | D:7      | Found a blossoming altar of Fedhas.
 16956 | D:8      | Reached skill level 15 in Stealth
 17501 | D:8      | Found an ancient bone altar of Kikubaaqudgha.
 17510 | D:8      | Became a worshipper of Kikubaaqudgha
 17708 | D:8      | Reached skill level 5 in Dodging
 17728 | D:9      | Noticed a two-headed ogre
 18115 | D:9      | Found a staircase to the Orcish Mines.
 18130 | D:8      | Reached XP level 10. HP: 44/44 MP: 20/23
 18265 | D:8      | Killed a two-headed ogre
 19408 | D:9      | Found Ochas's Magic Scroll Shoppe.
 19408 | D:9      | Noticed Grum
 20078 | D:9      | Killed Grum
 20119 | D:9      | Bought a scroll of brand weapon for 240 gold pieces
 20152 | D:9      | Reached skill level 10 in Hexes
 20613 | D:9      | Noticed Erica
 20617 | D:9      | Killed Erica
 20618 | D:9      | Reached skill level 10 in Dodging
 20618 | D:9      | Reached skill level 10 in Spellcasting
 20635 | D:9      | Noticed Prince Ribbit
 20642 | D:9      | Killed Prince Ribbit
 20648 | D:10     | Entered Level 10 of the Dungeon
 21440 | D:10     | Reached XP level 11. HP: 47/47 MP: 16/26
 21443 | D:10     | Reached * piety under Kikubaaqudgha
 21443 | D:10     | Identified Kikubaaqudgha's Handbook of Black Rites
                  | (Kikubaaqudgha gifted it to you on level 10 of the Dungeon)
 21443 | D:10     | Received a gift from Kikubaaqudgha
 22461 | D:11     | Noticed a purple ugly thing
 22465 | D:11     | Noticed a six-headed hydra
 22466 | D:11     | Killed a purple ugly thing
 23350 | D:11     | Noticed Urug
 23362 | D:11     | Killed Urug
 23502 | D:11     | Killed a six-headed hydra
 23664 | D:11     | Noticed a two-headed ogre
 23708 | D:10     | Reached ** piety under Kikubaaqudgha
 23973 | D:10     | Noticed an eight-headed hydra
 23973 | D:10     | Noticed an ogre mage
 24026 | D:10     | Killed a two-headed ogre
 25110 | D:12     | Noticed a deep elf mage
 25121 | D:12     | Killed a deep elf mage
 25261 | D:12     | Noticed a brown ugly thing
 25263 | D:12     | Killed a brown ugly thing
 25264 | D:12     | Reached skill level 1 in Evocations
 25264 | D:12     | Reached XP level 12. HP: 51/51 MP: 28/28
 26144 | D:13     | Reached skill level 1 in Necromancy
 26539 | D:13     | Found a burning altar of Makhleb.
 27010 | D:13     | Noticed a boulder beetle
 27011 | D:13     | Noticed a five-headed hydra
 27025 | D:13     | Killed a boulder beetle
 27037 | D:13     | Reached *** piety under Kikubaaqudgha
 27037 | D:13     | Identified Kikubaaqudgha's Grimoire of Unholy Magic
                  | (Kikubaaqudgha gifted it to you on level 13 of the Dungeon)
 27037 | D:13     | Received a gift from Kikubaaqudgha
 27040 | D:13     | Noticed a two-headed ogre
 27049 | D:13     | Killed a five-headed hydra
 27061 | D:13     | Killed a two-headed ogre
 27514 | D:13     | Noticed an ogre mage
 27514 | D:13     | Noticed a two-headed ogre
 27514 | D:13     | Noticed a two-headed ogre
 27514 | D:13     | Noticed a two-headed ogre
 27515 | D:13     | Noticed a two-headed ogre
 28126 | D:14     | Reached skill level 5 in Evocations
 28131 | D:14     | Learned a level 4 spell: Dispel Undead
 29237 | D:13     | Killed a two-headed ogre
 29312 | D:13     | Killed a two-headed ogre
 29319 | D:13     | Killed an ogre mage
 29325 | D:13     | Killed a two-headed ogre
 29339 | D:13     | Killed a two-headed ogre
 29340 | D:13     | Reached XP level 13. HP: 42/55 MP: 22/31
 29700 | D:13     | Reached **** piety under Kikubaaqudgha
 30133 | D:13     | Reached skill level 5 in Necromancy
 30719 | D:15     | Entered Level 15 of the Dungeon
 32040 | D:15     | Succumbed to a shock serpent's dark miasma

Illustrated notes

Levels and vault maps discovered:
D:1:      roderic_chinese_lattice_arrival, layout_loops_ring
D:2:      layout_loops_ring, chequers_ecumenical_altar_island,
          minmay_quadrilaterals
D:3:      layout_basic, chequers_temple_overflow_statue_of_worship,
          serial_co_window_serial, co_window_of_opportunity_a,
          co_window_paths_a, co_window_paths_a, co_window_paths_a,
          co_window_of_opportunity_a, co_window_of_opportunity_a,
          co_window_paths_b, co_window_cross_2, co_window_of_opportunity_b,
          co_window_corner_ca, co_window_paths_d
D:4:      layout_layer_cave, serial_shops, kennysheep_little_box,
          chequers_big_river
D:5:      layout_basic, nicolae_overflow_crystal_walls, serial_shops,
          nicolae_shop_stone, shop, uniq_pikel
D:6:      layout_rooms, minitemple, minmay_temple_entry_poolview, st_stairs_5,
          uniq_sigmund, uniq_menkaure
D:7:      layout_loops_ring, kennysheep_mini_moat, lemuel_round_altar,
          kennysheep_doodads, uniq_duvessa
D:8:      minmay_spotlight, layout_loops_ring, kiku_gazebo_garden_becter
D:9:      layout_cave_pools, david_lair_shrubbed, minmay_orc_entry_temple_small,
          serial_shops, shop_fountains, fountainhead, minmay_misc_feat_cross,
          worms_lemuel, uniq_prince_ribbit1, uniq_grum, uniq_erica
D:10:     minmay_shrinking_squares, layout_loops_ring
D:11:     layout_gridville, item_on_display_a, uniq_urug
D:12:     layout_rooms, serial_rivers, chequers_serial_rivers_micro_b,
          chequers_serial_rivers_micro_d, chequers_serial_rivers_micro_c,
          chequers_serial_rivers_small_a
D:13:     layout_stronghold, lemuel_hellish_altar
D:14:     layout_irregular_city, hangedman_vaults_entry_quadrant_bands,
          minmay_misc_feat_rows, grunt_livestock
D:15:     grunt_enter_depths_giant_problem, layout_loops_ring,
          serial_park_square1 [serial_park_minivault_5x5_2],
          yredelemnul_altar_generic
Temple:   dshaligram_water_room_temple

Skill      XL: |  1  2  3  4  5  6  7  8  9 10 11 12 13 |
---------------+----------------------------------------+-----
Stealth        | 5 6 7 8 9 10 11 13 15 | 15.0
Spellcasting   | 3 4 5 7 8 10 11 13 | 13.4
Hexes          | 4 5 6 7 9 10 11 13 | 13.5
Dodging        | 5 10 14 | 14.0
Evocations     | 1 6 8 |  8.0
Necromancy     | 4 5 |  5.5
Short Blades   | |  1.1

Action                   |  1- 3 |  4- 6 |  7- 9 | 10-12 | 13-15 || total
-------------------------+-------+-------+-------+-------+-------++-------
Melee: Dagger            |   117 |   119 |   318 |   442 |   130 ||  1126
Throw: Dart              |       |       |    24 |    29 |     2 ||    55
 Cast: Ensorcelled Hiber |    31 |    45 |    69 |   122 |    34 ||   301
       Corona            |     1 |       |       |       |       ||     1
       Confusing Touch   |       |     5 |    30 |    62 |    18 ||   115
       Dispel Undead     |       |       |       |       |     3 ||     3
Evoke: Wand              |       |       |     2 |     1 |       ||     3
  Use: Potion            |       |     5 |     1 |       |       ||     6
       Scroll            |       |     4 |     6 |     7 |     1 ||    18
 Stab: Sleeping          |    26 |    41 |    62 |   104 |    21 ||   254
       Distracted        |     1 |       |     2 |     1 |       ||     4
       Confused          |       |     3 |    24 |    61 |    10 ||    98
Armor: Robe              |    10 |    11 |    25 |    26 |     9 ||    81
       Skin              |       |    10 |       |       |       ||    10
Dodge: Dodged            |    86 |    95 |   219 |   399 |   103 ||   902
Block: Other             |       |       |    28 |   103 |    20 ||   151
       Reflection        |       |       |       |     6 |     2 ||     8
